 Dungeon Sprint DCSS version 0.25-a0-865-gd392131cc7 (webtiles) character file.

Game seed: 13897962282259135978, levelgen mode: deterministic

3775 Conn the Eclecticist (level 9, -2/48 HPs)
             Began as a Deep Elf Fire Elementalist on Apr 30, 2020.
             Was a Priest of Sif Muna.
             Splashed by an oklob plant's acid (14 damage)
             ... in the Dungeon (Sprint I: "Red Sonja").
             The game lasted 00:17:42 (1536 turns).

Conn the Eclecticist (Deep Elf Fire Elementalist)   Turns: 1536, Time: 00:17:44

Health: -2/48      AC: -2    Str:  5    XL:     9   Next: 95%
Magic:  16/31      EV: 18    Int: 24    God:    Sif Muna [***...]
Gold:   669        SH:  0    Dex: 18    Spells: 25/41 levels left

rFire    . . .     SeeInvis .   k - +8 spear of the Madman {vorpal, rPois Dex+3}
rCold    . . .     Gourm    .   (no shield)
rNeg     . . .     Faith    .   m - +0 robe (curse)
rPois    +         Spirit   .   (no helmet)
rElec    .         Reflect  .   (no cloak)
rCorr    .         Harm     .   (no gloves)
MR       .....     NoTele   +   (no boots)
Stlth    ++++......             (no amulet)
HPRegen  0.16/turn              (no ring)
MPRegen  0.22/turn              (no ring)

@: corroded
A: no striking features
a: Channel Magic, Forget Spell, Renounce Religion


You were in the Dungeon.
You worshipped Sif Muna.
Sif Muna was most pleased with you.
You were not hungry.

You visited 1 branch You collected 831 gold pieces.
You spent 162 gold pieces at shops.

Inventory:

Hand Weapons
 i - a +2 dagger of venom
 k - the +8 spear of the Madman (weapon) {vorpal, rPois Dex+3}
   (You found it in the Dungeon)

   It inflicts extra damage upon your enemies.
   It affects your dexterity (+3).
   It protects you from poison.
Missiles
 j - 6 curare-tipped darts (quivered)
Armour
 a - a +0 robe
 l - a +2 robe of magic resistance
 m - a cursed +0 robe (worn)
Wands
 b - a wand of digging (2)
 h - a wand of enslavement (5)
Potions
 d - a potion of curing
 e - a potion of heal wounds
 g - 2 potions of magic
Comestibles
 c - 2 chunks of flesh
 f - a ration


   Skills:
 + Level 1.9 Fighting
 - Level 7.5 Dodging
 - Level 7.0 Stealth
 * Level 16.7 Spellcasting
 * Level 11.8 Conjurations
 + Level 14.2 Fire Magic
 + Level 0.1 Evocations


You had 25 spell levels left.
You knew the following spells:

 Your Spells              Type           Power        Failure   Level  Hunger
a - Foxfire               Conj/Fire      ####         0%          1    None
b - Conjure Flame         Conj/Fire      ######..     1%          3    None
c - Inner Flame           Hex/Fire       ######..     1%          3    None
d - Sticky Flame          Conj/Fire      ######..     1%          4    None
e - Fireball              Conj/Fire      ######....   1%          5    None

Your spell library contained the following spells:

 Spells                   Type           Power        Failure   Level  Hunger


Dungeon Overview and Level Annotations

Branches:
Dungeon (1/1)

Altars:
Cheibriados
Dithmenos
Elyvilon
Fedhas
Gozag
Hepliaklqana
Kikubaaqudgha
Makhleb
Nemelex Xobeh
Okawaru
Qazlal
Ru
Sif Muna
Trog
Uskayaw
Vehumet
Wu Jian
Xom
Yredelemnul
Zin
The Shining One
Jiyva
Lugonu

Shops:
D [=[

Annotations:
D exclusion: oklob plant


Message History

Confirm with . or Enter, or press ? or * to list all spells.
Aiming: Fireball (mildly dangerous; 1% risk of failure)
Press: ? - help, Shift-Dir - straight line, f/p - oklob plant
Aim: an oklob plant (lightly damaged)
The fireball explodes!
The fireball engulfs the oklob plant!!
The oklob plant is severely damaged.
The oklob plant spits acid at you. The splash of acid hits you!
The acid corrodes you!
You are splashed with acid!
Casting: Fireball (mildly dangerous; 1% risk of failure)
Confirm with . or Enter, or press ? or * to list all spells.
Aiming: Fireball (mildly dangerous; 1% risk of failure)
Press: ? - help, Shift-Dir - straight line, f/p - oklob plant
Aim: an oklob plant (severely damaged)
The fireball explodes!
The fireball engulfs the oklob plant!
The oklob plant is almost destroyed.
The oklob plant spits acid at you. The splash of acid hits you!
* * * LOW HITPOINT WARNING * * *
You are splashed with acid!
You die...

####################
').#..'..#__#..'.).#
#..'..#..'..'..#.).#
##'#####'#__####...+
#..#...#.####§.#####
####..##.#§§§§§#§§#
___##'#_.'§§§§§§.§#
∩...'..._#§§≈§.#@.#
.__##_.#'##+#####'#
___###'#.#.[).###P+
######.####'###.###
....'...+.....'.∩#
+####...##########
##.## #+#


You could see an oklob plant.

Vanquished Creatures
  2 centaur warriors (D)
  Sonja (D)
  A deep troll (D)
  2 kobold demonologists (D)
  A hornet (D)
  A slime creature (D)
  Sigmund (D)
  A yak (D)
  A floating eye (D)
  An ogre (D)
  A jelly (D)
  Ijyb (D)
14 creatures vanquished.

Vanquished Creatures (others)
  A gargoyle (D)
  50 foxfires (D)
51 creatures vanquished.

Grand Total: 65 creatures vanquished

Notes
Turn   | Place    | Note
-------+----------+-------------------------------------------
     0 | D        | Conn the Deep Elf Fire Elementalist began the quest for the
                  | Orb.
     0 | D        | Reached XP level 1. HP: 10/10 MP: 6/6
     1 | D        | Noticed Ijyb
    37 | D        | Killed Ijyb
    37 | D        | Reached skill level 5 in Spellcasting
    37 | D        | Reached XP level 2. HP: 9/15 MP: 1/10
   218 | D        | Noticed an ogre
   236 | D        | Killed an ogre
   236 | D        | Reached skill level 7 in Spellcasting
   236 | D        | Reached XP level 3. HP: 19/19 MP: 8/13
   236 | D        | Reached XP level 4. HP: 24/24 MP: 9/15
   296 | D        | Learned a level 3 spell: Conjure Flame
   300 | D        | Learned a level 3 spell: Inner Flame
   305 | D        | Learned a level 4 spell: Sticky Flame
   305 | D        | Noticed Sigmund
   328 | D        | Killed Sigmund
   328 | D        | Reached skill level 5 in Dodging
   328 | D        | Reached skill level 9 in Spellcasting
   328 | D        | Reached skill level 5 in Conjurations
   328 | D        | Reached XP level 5. HP: 28/28 MP: 8/19
   328 | D        | Reached XP level 6. HP: 32/32 MP: 8/20
   405 | D        | Learned a level 5 spell: Fireball
   417 | D        | Found an ornate altar of the Wu Jian Council.
   417 | D        | Found a shimmering blue altar of Sif Muna.
   551 | D        | Found a radiant altar of Vehumet.
   639 | D        | Reached skill level 5 in Stealth
   689 | D        | Became a worshipper of Sif Muna the Loreminder
   713 | D        | Found a burning altar of Makhleb.
   713 | D        | Found a viscous altar of Jiyva.
   713 | D        | Found a shimmering altar of Xom.
   713 | D        | Found a corrupted altar of Lugonu.
   713 | D        | Noticed a slime creature
   724 | D        | Killed a slime creature
   724 | D        | Reached skill level 11 in Spellcasting
   724 | D        | Reached skill level 10 in Fire Magic
   959 | D        | Found Hyfet's Jewellery Emporium.
   959 | D        | Found an ancient bone altar of Kikubaaqudgha.
   959 | D        | Found a hazy altar of Hepliaklqana.
   959 | D        | Found a stormy altar of Qazlal.
   959 | D        | Found a hide-covered altar of Uskayaw.
   959 | D        | Found a blossoming altar of Fedhas.
   959 | D        | Found a bloodstained altar of Trog.
   959 | D        | Found an iron altar of Okawaru.
   959 | D        | Found a basalt altar of Yredelemnul.
   959 | D        | Found a glowing golden altar of the Shining One.
   959 | D        | Found a snail-covered altar of Cheibriados.
   959 | D        | Found a sacrificial altar of Ru.
   959 | D        | Found a glowing silver altar of Zin.
   959 | D        | Found a shadowy altar of Dithmenos.
   959 | D        | Found a white marble altar of Elyvilon.
   959 | D        | Noticed a yak
   970 | D        | Killed a yak
   970 | D        | Reached XP level 7. HP: 37/37 MP: 21/24
   981 | D        | Found an opulent altar of Gozag.
   982 | D        | Found a sparkling altar of Nemelex Xobeh.
   997 | D        | Noticed Sonja
   999 | D        | Killed Sonja
   999 | D        | Reached * piety under Sif Muna
   999 | D        | Reached skill level 1 in Fighting
   999 | D        | Reached skill level 13 in Spellcasting
   999 | D        | Reached XP level 8. HP: 43/43 MP: 15/27
  1059 | D        | Noticed a deep troll
  1063 | D        | Killed a deep troll
  1063 | D        | Reached skill level 14 in Spellcasting
  1075 | D        | Found Vejadoyf's Armour Emporium.
  1080 | D        | Got a twisted spear
  1081 | D        | Identified the +8 spear of the Madman {vorpal, rPois Dex+3}
                  | (You found it in the Dungeon)
  1158 | D        | Found Pigeupee's Antique Armour Boutique.
  1166 | D        | Bought a glowing robe for 81 gold pieces
  1176 | D        | Bought a glowing robe for 81 gold pieces
  1254 | D        | Noticed a kobold demonologist
  1255 | D        | Noticed a kobold demonologist
  1256 | D        | Killed a kobold demonologist
  1256 | D        | Reached ** piety under Sif Muna
  1256 | D        | Reached skill level 10 in Conjurations
  1256 | D        | Reached XP level 9. HP: 47/47 MP: 18/29
  1256 | D        | Killed a kobold demonologist
  1256 | D        | Reached skill level 15 in Spellcasting
  1344 | D        | Noticed a centaur warrior
  1347 | D        | Noticed a centaur warrior
  1347 | D        | Killed a centaur warrior
  1348 | D        | Killed a centaur warrior
  1348 | D        | Reached skill level 16 in Spellcasting
  1396 | D        | Killed a gargoyle
  1485 | D        | Reached *** piety under Sif Muna
  1533 | D        | Noticed an oklob plant
  1536 | D        | Splashed by an oklob plant's acid

Levels and vault maps discovered:
D:        dungeon_sprint_1 [red_sonja_temple_1, red_sonja_temple_small_1]

Skill      XL: |  1  2  3  4  5  6  7  8  9 |
---------------+----------------------------+-----
Dodging        | 3 4 5 6 7 |  7.5
Stealth        | 3 4 5 6 7 |  7.0
Spellcasting   | 5 7 9 11 13 14 16 | 16.7
Conjurations   | 2 3 5 7 8 10 11 | 11.8
Fire Magic     | 4 6 8 10 11 12 14 | 14.2
Fighting       | 1 |  1.9
Evocations     | |  0.1

Action                   |  1- 3 |  4- 6 |  7- 9 || total
-------------------------+-------+-------+-------++-------
Melee: Unarmed           |     9 |       |       ||     9
 Cast: Foxfire           |    10 |    22 |       ||    32
       Conjure Flame     |       |     5 |       ||     5
       Fireball          |       |     1 |    17 ||    18
       Sticky Flame      |       |     1 |       ||     1
Evoke: Wand              |     1 |       |       ||     1
  Use: Potion            |     2 |       |       ||     2
       Scroll            |     1 |       |     2 ||     3
  Eat: Ration            |       |       |     1 ||     1
Dodge: Dodged            |     8 |     1 |       ||     9

Table legend:
 A = Non-vault XP
 B = Vault XP
 C = Vault XP percentage of total XP
 D = Non-vault monster count
 E = Vault monster count
 F = Vault count percentage of total count
                 A         B        C        D         E       F
            +---------+---------+-------+---------+---------+-------
      Total |       0 |    5394 | 100.0 |       0 |      14 | 100.0
            +---------+---------+-------+---------+---------+-------
          D |       0 |    5394 | 100.0 |       0 |      14 | 100.0
            +---------+---------+-------+---------+---------+-------
